 Dungeon Crawl Stone Soup version 0.29.1-1-gd02db6906a (webtiles) character file.

Game seed: 12225663740604141014

107 Hadkhar the Shield-Bearer (level 4, -6/29 HPs)
             Began as a Gargoyle Fighter on Oct 9, 2022.
             Mangled by a gnoll
             ... wielding a +0 spear
              (7 damage)
             ... on level 3 of the Dungeon.
             The game lasted 00:11:16 (2200 turns).

Hadkhar the Shield-Bearer (Gargoyle Fighter)        Turns: 2200, Time: 00:11:17

Health: -6/29      AC: 16    Str: 22    XL:     4   Next: 85%
Magic:  4/4        EV:  6    Int:  8    God:
Gold:   68         SH:  8    Dex:  9    Spells: 3/3 levels left

rFire   . . .      SeeInvis .   a - +0 flail
rCold   . . .      Faith    .   p - +0 kite shield
rNeg    + + .      Spirit   .   e - +0 chain mail
rPois   ∞          Reflect  .   k - +2 helmet
rElec   +          Harm     .   (no cloak)
rCorr   .          Rampage  .   (no gloves)
Will    .....                   (no boots)
Stlth   ..........              (no amulet)
HPRegen 0.09/turn               j - ring of positive energy
MPRegen 0.09/turn               (no ring)

@: no status effects
A: sickness immunity, AC +3, negative energy resistance 1, electricity
resistance, torment resistance 1, petrification resistance
a: no special abilities


You were on level 3 of the Dungeon.
You visited 1 branch of the dungeon, and saw 3 of its levels.

You collected 68 gold pieces.

Inventory:

Hand Weapons
 a - a +0 flail (weapon)
Armour
 c - a +0 buckler
 e - a +0 chain mail (worn)
 k - a +2 helmet (worn)
 p - a +0 kite shield (worn)
Jewellery
 j - a ring of positive energy (left hand)
 r - a ring of magical power
Scrolls
 g - a scroll of brand weapon {unknown}
 h - a scroll of identify
 i - a scroll of amnesia {unknown}
 m - a scroll of teleportation {unknown}
 n - a scroll of fog {unknown}
 o - 3 scrolls of immolation
 s - a scroll of fear {unknown}
Potions
 b - a potion of brilliance {unknown}
 d - 4 potions of might
 f - a potion of berserk rage
 l - a potion of magic
 q - a potion of haste {unknown}
 t - a potion of curing {unknown}


   Skills:
 + Level 3.9 Fighting
 * Level 3.3 Maces & Flails
 + Level 3.9 Armour
 + Level 4.0 Shields


You had 3 spell levels left.
You didn't know any spells.
Your spell library contained the following spells:

 Spells                   Type           Power      Damage    Failure   Level
 Apportation              Tloc           0%         N/A       100%        1
 Necrotise                Necr           0%         1d4       100%        1
 Summon Small Mammal      Summ           0%         N/A       100%        1


Dungeon Overview and Level Annotations

Branches:
Dungeon (3/15)

Altars:


Innate Abilities, Weirdness & Mutations

You are immune to sickness and miasma.
Your stone body is resilient. (AC +3)
You are immune to poison.
You resist negative energy. (rN+)
You are resistant to electric shocks. (rElec)
You are resistant to unholy torment.
You are immune to petrification.


Message History

The gnoll shouts!
The gnoll hits you but does no damage. The gnoll completely misses you.
You barely miss the gnoll. You block the gnoll's attack.
You barely miss the gnoll. The gnoll barely misses you.
The gnoll hits you but does no damage. x2; You block the gnoll's attack. x2
You hit the gnoll but do no damage. The gnoll hits you with a +0 flail.
You block the gnoll's attack. The gnoll hits you but does no damage.
The gnoll hits you but does no damage. The gnoll attacks as you move away!
You block the gnoll's attack.
There is an open door here.
You see here a rat corpse.
The gnoll attacks as you move away! The gnoll hits you with a +0 whip.
You barely miss the gnoll.
The gnoll hits you from afar with a +0 spear.
You closely miss the gnoll. The gnoll hits you with a +0 flail.
You block the gnoll's attack. The gnoll barely misses you.
You block the gnoll's attack. The gnoll hits you with a +0 flail.
The gnoll hits you with a +0 flail. The gnoll hits you with a +0 spear.
You block the gnoll's attack.
There is an open door here.
You see here a rat corpse.
You sock the gnoll!
The gnoll is severely wounded.
The gnoll hits you with a +0 flail. The gnoll hits you but does no damage.
The gnoll hits you with a +0 whip.
* * * LOW HITPOINT WARNING * * *
You closely miss the gnoll.
The gnoll is severely wounded.
The gnoll barely misses you. You block the gnoll's attack.
The gnoll hits you but does no damage. The gnoll hits you with a +0 whip.
* * * LOW HITPOINT WARNING * * *
The gnoll hits you but does no damage. The gnoll hits you with a +0 flail.
* * * LOW HITPOINT WARNING * * *
You closely miss the gnoll.
The gnoll is severely wounded.
The gnoll hits you with a +0 flail.
* * * LOW HITPOINT WARNING * * *
The gnoll hits you with a +0 spear!
You die...

###'##.###+#.
#............
#..........!.
#............
#............
#............
#...........#
#.g.g.......#
########@#########
###...<...g.......
..................
###...............
..............####
..............#
..............#
..............#
..............#


You could see 3 gnolls.

Vanquished Creatures
  A gnoll (D:2)
  4 adders (D:2)
  A worm (D:2)
  2 dart slugs
  9 endoplasms
  2 giant cockroaches
  A goblin (D:2)
  3 hobgoblins
  2 jackals (D:2)
  4 quokkas
  4 ball pythons
  5 bats
  6 frilled lizards
  7 kobolds
  3 rats
54 creatures vanquished.

Notes
Turn   | Place    | Note
-------+----------+-------------------------------------------
     0 | D:1      | Hadkhar the Gargoyle Fighter began the quest for the Orb.
     0 | D:1      | Reached XP level 1. HP: 14/14 MP: 1/1
    92 | D:1      | Reached XP level 2. HP: 16/19 MP: 2/2
   645 | D:1      | Reached XP level 3. HP: 15/23 MP: 3/3
   760 | D:1      | Found a faded altar of an unknown god.
  1502 | D:2      | Reached XP level 4. HP: 25/29 MP: 4/4
  1731 | D:2      | Reached skill level 4 in Shields
  2200 | D:3      | HP: 1/29 [gnoll/+0 flail (1)]
  2200 | D:3      | Mangled by a gnoll

Illustrated notes

Levels and vault maps discovered:
D:1:      matt_arrival_spirals, layout_basic, shapermc_ecumenical_altar_pompeii
D:2:      minmay_recursive_quarters, layout_loops_ring
D:3:      layout_basic, reono_crystal_passage, kennysheep_crisscross,
          minmay_diced_spiral, uniq_jessica, uniq_terence

Skill      XL: |  1  2  3  4 |
---------------+-------------+-----
Maces & Flails | 3 |  3.3
Shields        | 4 |  4.0
Fighting       | |  3.9
Armour         | |  3.9

Action                   |  1- 3 |  4- 6 || total
-------------------------+-------+-------++-------
Melee: Flail             |   113 |    68 ||   181
  Use: Scroll            |       |     4 ||     4
Armor: Scale mail        |    82 |    48 ||   130
       Chain mail        |       |    11 ||    11
Dodge: Dodged            |    72 |    47 ||   119
Block: Buckler           |    33 |    17 ||    50
       Kite shield       |       |    11 ||    11
